 Dungeon Crawl Stone Soup version 0.26.0-10-g1f06aea511 (webtiles) character file.

Game seed: 1217198250803698965

295 Borgoz the Slasher (level 6, -3/51 HPs)
             Began as a Ghoul Gladiator on Jan 30, 2021.
             Slain by an ice beast (6 damage)
             ... on level 5 of the Dungeon.
             The game lasted 00:04:15 (3387 turns).

Borgoz the Slasher (Ghoul Gladiator)                Turns: 3387, Time: 00:04:15

Health: -3/51      AC:  5    Str: 18    XL:     6   Next: 34%
Magic:  0/5        EV: 13    Int:  3    God:
Gold:   325        SH:  0    Dex: 12    Spells: 5/5 levels left

rFire    . . .     SeeInvis .   a - +0 long sword
rCold    + . .     Faith    .   (no shield)
rNeg     + + +     Spirit   +   b - +0 leather armour
rPois    ∞         Reflect  .   c - +0 helmet
rElec    .         Harm     .   (no cloak)
rCorr    .         Rampage  .   p - +0 pair of gloves
Will     .....                  (no boots)
Stlth    ..........             l - amulet of guardian spirit
HPRegen  0.00/turn              r - ring of attention
MPRegen  0.09/turn              (no ring)

@: very slightly contaminated, hasted, invisible (expiring), very quick
A: claws 1, cold resistance 1, negative energy resistance 3, inhibited
regeneration, torment resistance, unbreathing
a: no special abilities


You were on level 5 of the Dungeon.
You visited 1 branch of the dungeon, and saw 5 of its levels.

You collected 325 gold pieces.

Inventory:

Hand Weapons
 a - a +0 long sword (weapon)
Armour
 b - a +0 leather armour (worn)
 c - a +0 helmet (worn)
 p - a +0 pair of gloves (worn)
Jewellery
 l - an amulet of guardian spirit (around neck)
 r - a ring of attention (left hand)
Scrolls
 g - 2 scrolls of fear
 i - a scroll of blinking
 j - 5 scrolls of magic mapping
Potions
 e - 2 potions of brilliance
 f - a potion of flight


   Skills:
 + Level 3.5 Fighting
 * Level 4.1 Long Blades
 - Level 1.7 Throwing
 * Level 3.1 Armour
 + Level 3.4 Dodging


You had 5 spell levels left.
You didn't know any spells.
Your spell library was empty.

Dungeon Overview and Level Annotations

Branches:
Dungeon (5/15)
 Temple: D:4-7

Altars:
Qazlal
Ru


Innate Abilities, Weirdness & Mutations

You thrive by killing the living.
You are immune to poison.
You have sharp fingernails.
Your flesh is cold resistant. (rC+)
You are immune to negative energy. (rN+++)
You do not regenerate when monsters are visible.
You are immune to unholy pain and torment.
You can survive without breathing.


Message History

The ice beast is severely wounded.
The ice beast misses you.
You riposte.
You closely miss the ice beast.
The ice beast is severely wounded.
You barely miss the ice beast.
The ice beast is severely wounded.
The ice beast hits you but does no damage.
You barely miss the ice beast.
The ice beast is severely wounded.
The ice beast hits you.
* * * LOW HITPOINT WARNING * * *
The ice beast freezes you. You resist.
* * * LOW HITPOINT WARNING * * *
You closely miss the ice beast.
The ice beast is severely wounded.
You hit the ice beast.
The ice beast is almost dead.
The ice beast hits you.
* * * LOW HITPOINT WARNING * * *
The ice beast freezes you. You resist.
You die...

.. .)........#.........#
.......................#
........................#
...>...................#
...$..........#
#..B†......# #..........#
#†########## #Y@# ##.#
#.. ##.# .. #.# .# .#


You could see an ice beast.

Vanquished Creatures
  A howler monkey (D:4)
  A centaur zombie (D:5)
  A hound (D:5)
  An iguana (D:2)
  2 worker ants (D:5)
  Robin (D:1)
  2 adders (D:2)
  An ufetubus (D:5)
  An adder skeleton (D:4)
  A worm (D:2)
  A leopard gecko (D:5)
  4 orcs
  7 giant cockroaches
  16 goblins
  8 hobgoblins
  8 jackals
  5 bats
  2 frilled lizards (D:1)
  6 kobolds
  6 rats
75 creatures vanquished.

Vanquished Creatures (others)
  8 plants (D:3)
8 creatures vanquished.

Grand Total: 83 creatures vanquished

Notes
Turn   | Place    | Note
-------+----------+-------------------------------------------
     0 | D:1      | Borgoz the Ghoul Gladiator began the quest for the Orb.
     0 | D:1      | Reached XP level 1. HP: 17/17 MP: 0/0
   120 | D:1      | Reached XP level 2. HP: 13/25 MP: 1/1
   266 | D:1      | Reached skill level 3 in Long Blades
   331 | D:1      | Reached skill level 1 in Armour
   447 | D:1      | Reached XP level 3. HP: 26/30 MP: 2/2
   955 | D:2      | Found a sacrificial altar of Ru.
   984 | D:2      | Noticed Robin
   991 | D:1      | Reached XP level 4. HP: 37/37 MP: 1/3
  1020 | D:1      | Killed Robin
  1816 | D:3      | Found a stormy altar of Qazlal.
  1848 | D:3      | Reached XP level 5. HP: 43/45 MP: 4/4
  2561 | D:3      | Found a faded altar of an unknown god.
  3049 | D:5      | Entered Level 5 of the Dungeon
  3360 | D:5      | Reached skill level 4 in Long Blades
  3360 | D:5      | Reached XP level 6. HP: 30/51 MP: 0/5
  3367 | D:5      | Noticed an ice beast
  3387 | D:5      | Slain by an ice beast

Illustrated notes

Levels and vault maps discovered:
D:1:      heliophobic_arrival_dark_side_of_the_moon, layout_rooms
D:2:      layout_rooms, nicolae_ru_the_path_less_chosen, uniq_robin
D:3:      layout_basic, general_overflow_altar, chequers_ecumenical_altar_lobes
D:4:      layout_rooms
D:5:      layout_rooms, kennysheep_mini, minmay_manual_mullet

Skill      XL: |  1  2  3  4  5  6 |
---------------+-------------------+-----
Long Blades    | 3 4 |  4.1
Armour         | 1 2 3 |  3.1
Dodging        | 3 |  3.4
Fighting       | 3 |  3.5
Throwing       | |  1.7

Action                   |  1- 3 |  4- 6 || total
-------------------------+-------+-------++-------
Melee: Long sword        |    84 |   155 ||   239
Throw: Throwing net      |     3 |     2 ||     5
  Use: Scroll            |     2 |    10 ||    12
       Potion            |       |     6 ||     6
 Stab: Held in net/web   |     2 |     1 ||     3
       Sleeping          |       |     1 ||     1
       Invisible         |       |     4 ||     4
Armor: Leather armour    |    30 |    51 ||    81
Dodge: Dodged            |    57 |   169 ||   226
       Rpst.: Long sword |    20 |    57 ||    77
